 Dungeon Crawl Stone Soup version 0.32-a0-913-g739538afd8 (webtiles) character file.

Game seed: 13534770785855820264

1701387 Ge0ff the Gargoyle Barricade (level 27, 179/179 HPs)
             Began as a Gargoyle Enchanter on Apr 8, 2024.
             Was the Champion of Ashenzari.
             Escaped with the Orb
             ... and 3 runes
             ... and 2 gems on Apr 9, 2024!
             The game lasted 03:07:12 (92214 turns).

Ge0ff the Gargoyle Barricade (Gargoyle Enchanter)  Turns: 92214, Time: 03:07:12

Health: 179/179    AC: 41    Str: 17    XL:     27
Magic:  52/52      EV: 18    Int: 29    God:    Ashenzari [******]
Gold:   3556       SH: 22    Dex: 13    Spells: 19/76 levels left

rFire   + + .        a - staff "Astrological Henotheism" (curse) {rC+ rN+ Str+4 Stlth+ Ice, Sorc, Fort} (curse)
rCold   + . .        n - +5 kite shield "Restrained Affliction" {AC+3, Cun, Bglg} (curse)
rNeg    + + +        A - +0 scale mail "At What Cost Knowledge?" {rN+ Will+ rCorr Str+4, Sorc, Comp} (curse)
rPois   ∞            Q - +0 helmet of Ashenzari's Insecurity {rElec rF++, Cun, Self} (curse)
rElec   +            D - +0 cloak "Cursed With Me" {^Contam Harm Regen+ rCorr, Comp, Self} (curse)
rCorr   +            k - +1 pair of gloves "Share My Suspicion" {Cun, Elem} (curse)
SInv    +            w - +0 pair of boots of Ashenzari's Oblivion {rN+ Will+ Str-4, Bglg, Self} (curse)
Will    ++++.        b - amulet of Desmomancy {RegenMP+, Dev, Bglg} (curse)
Stlth   ++           f - ring "Share My Seer" {Wiz Slay+5, Fort, Sorc} (curse)
HPRegen 1.29/turn    e - ring of Supernal Gnosis {EV+5 Dex+3, Self, Elem} (curse)
MPRegen 0.73/turn

%: harm (+30% outgoing, +20% incoming), clarity, wizardry (x1)
@: flying, studying 2 skills
A: sickness immunity, AC +20, big wings, negative energy resistance 1,
electricity resistance, torment resistance 1, petrification resistance
0: Orb of Zot
}: 3/15 runes: barnacled, silver, gossamer
a: Renounce Religion, Shatter the Chains


You escaped.
You worshipped Ashenzari.
Ashenzari was exalted by your worship.
You visited 11 branches of the dungeon, and saw 51 of its levels.
You also visited: Ice Cave and Wizlab.

You collected 10065 gold pieces.
You spent 6509 gold pieces at shops.

Inventory:

Missiles
 c - 4 silver javelins
 g - 11 throwing nets {=F}
 i - 22 javelins
 v - 10 curare-tipped darts {=F}
 Y - 6 darts of dispersal
Armour
 h - the +3 robe "Panul Vied" {Int+3 Archmagi}
   (You took it off Boris on level 3 of the Crypt)

   Int+3:     It affects your intelligence (+3).
   Archmagi:  It increases the power of your magical spells.
 k - the cursed +1 pair of gloves "Share My Suspicion" (worn) {Cun, Elem}
   (You found it on level 7 of the Dungeon)

   It has a curse which improves the following skills: Cunning: Dodging and
   Stealth.
   Elements:  Fire Magic, Ice Magic, Air Magic and Earth Magic.
 n - the cursed +5 kite shield "Restrained Affliction" (worn) {AC+3, Cun, Bglg}
   (You found it on level 5 of the Vaults)

   It has a curse which improves the following skills: Cunning: Dodging and
   Stealth.
   Beguiling: Hexes and Translocations.
 w - the cursed +0 pair of boots of Ashenzari's Oblivion (worn) {rN+ Will+ Str-4, Bglg, Self}
   (You acquired it on level 2 of the Depths)

   Str-4:     It affects your strength (-4).
   rN+:       It protects you from negative energy.
   Will+:     It increases your willpower.
   It has a curse which improves the following skills: Beguiling: Hexes and
   Translocations.
   Introspection: Fighting and Spellcasting.
 A - the cursed +0 scale mail "At What Cost Knowledge?" (worn) {rN+ Will+ rCorr Str+4, Sorc, Comp}
   (You acquired it on level 2 of the Lair of Beasts)

   Str+4:     It affects your strength (+4).
   rN+:       It protects you from negative energy.
   Will+:     It increases your willpower.
   rCorr:     It protects you from acid and corrosion.
   It has a curse which improves the following skills: Sorcery: Conjurations and
   Alchemy.
   Companions: Summonings and Necromancy.
 D - the cursed +0 cloak "Cursed With Me" (worn) {^Contam Harm Regen+ rCorr, Comp, Self}
   (You found it in a wizard's laboratory)

   ^Contam:   It causes magical contamination when unequipped.
   Regen+:    It increases your rate of health regeneration.
   rCorr:     It protects you from acid and corrosion.
   Harm:      It increases damage dealt and taken.
   It has a curse which improves the following skills: Companions: Summonings
   and Necromancy.
   Introspection: Fighting and Spellcasting.
 Q - the cursed +0 helmet of Ashenzari's Insecurity (worn) {rElec rF++, Cun, Self}
   (You found it on level 3 of the Dungeon)

   rF++:      It greatly protects you from fire.
   rElec:     It insulates you from electricity.
   It has a curse which improves the following skills: Cunning: Dodging and
   Stealth.
   Introspection: Fighting and Spellcasting.
 Z - the +4 dragonskin cloak {Aegis}
   (You took it off Tiamat on level 4 of the Depths)

   Avatar's Aegis: It grants the wearer a chance to resist fire, cold, poison,
   electricity, acid, and negative energy.
Magical Staves
 a - the cursed staff "Astrological Henotheism" (weapon) {rC+ rN+ Str+4 Stlth+ Ice, Sorc, Fort}
   (You found it on level 3 of the Elven Halls)

   [staff of cold]

   Base accuracy: +5 Base damage: 5 Base attack delay: 1.2 This weapon's minimum
   attack delay (0.6) is reached at skill level 12.
   Str+4:     It affects your strength (+4).
   rC+:       It protects you from cold.
   rN+:       It protects you from negative energy.
   Stlth+:    It makes you more stealthy.
   Ice:       It increases the power of your Ice spells.
   It falls into the 'Staves' category.
   It is a one-handed weapon.
   It has a curse which improves the following skills: Sorcery: Conjurations and
   Alchemy.
   Fortitude: Armour and Shields.
Jewellery
 b - the cursed amulet of Desmomancy (around neck) {RegenMP+, Dev, Bglg}
   (You found it on level 4 of the Spider Nest)

   [amulet of magic regeneration]

   It increases your rate of magic regeneration.
   RegenMP+:  It increases your rate of magic regeneration.
   It has a curse which improves the following skills: Devices: Evocations and
   Shapeshifting.
   Beguiling: Hexes and Translocations.
 e - the cursed ring of Supernal Gnosis (right hand) {EV+5 Dex+3, Self, Elem}
   (You found it in an ice cave)

   [ring of evasion]

   EV+5:      It affects your evasion (+5).
   Dex+3:     It affects your dexterity (+3).
   It has a curse which improves the following skills: Introspection: Fighting
   and Spellcasting.
   Elements:  Fire Magic, Ice Magic, Air Magic and Earth Magic.
 f - the cursed ring "Share My Seer" (left hand) {Wiz Slay+5, Fort, Sorc}
   (You took it off a deep elf knight on level 3 of the Elven Halls)

   [ring of wizardry]

   Wiz:       It improves your spell success rate.
   Slay+5:    It affects your accuracy & damage with ranged weapons and melee
   (+5).
   It has a curse which improves the following skills: Fortitude: Armour and
   Shields.
   Sorcery:   Conjurations and Alchemy.
 y - the amulet "Osogett" {^Drain Regen+ RegenMP+ Int+3 Dex+2}
   (You took it off a white draconian on level 5 of the Realm of Zot)

   [amulet of magic regeneration]

   It increases your rate of magic regeneration.
   Int+3:     It affects your intelligence (+3).
   Dex+2:     It affects your dexterity (+2).
   Regen+:    It increases your rate of health regeneration.
   ^Drain:    It drains your maximum health when unequipped.
   RegenMP+:  It increases your rate of magic regeneration.
Wands
 d - a wand of digging (35)
 j - a wand of acid (32)
 p - a wand of paralysis (52)
 r - a wand of roots (29)
 s - a wand of mindburst (27)
 P - a wand of polymorph (59)
Scrolls
 m - 4 scrolls of revelation
 B - 6 scrolls of blinking
 C - 6 scrolls of poison
 E - 3 scrolls of fear
 F - 11 scrolls of fog
 J - 3 scrolls of silence {!r}
 S - 7 scrolls of butterflies
 T - 26 scrolls of teleportation
 V - 16 scrolls of vulnerability
Potions
 o - 9 potions of ambrosia
 q - 11 potions of curing
 u - 10 potions of mutation {!q}
 z - a potion of brilliance
 H - 6 potions of haste {!q}
 I - 8 potions of invisibility
 K - 4 potions of magic {!q}
 L - 9 potions of lignification
 M - 8 potions of might
 N - 5 potions of cancellation {!q}
 R - 4 potions of resistance
 W - 13 potions of heal wounds {!q}
 X - 6 potions of enlightenment
Miscellaneous
 l - a lightning rod (4/4)
 t - a tin of tremorstones (2/2)
 x - a Gell's gravitambourine (2/2)
 G - the horn of Geryon
 O - a sack of spiders
 U - a phantom mirror


   Skills:
 - Level 14.3(20.0) Fighting
 - Level 10.0 Short Blades
 - Level 6.0 Throwing
 - Level 11.5(15.1) Armour
 - Level 5.5(10.1) Dodging
 + Level 11.3(16.0) Stealth
 O Level 27 Shields
 - Level 19.6(25.0) Spellcasting
 - Level 12.3(17.0) Conjurations
 - Level 7.3(12.0) Hexes
 - Level 6.3(10.0) Necromancy
 - Level 4.9(9.3) Translocations
 - Level 10.0(13.6) Ice Magic
 - Level 12.3(15.8) Air Magic
 - Level 23.0(26.1) Earth Magic
 - Level 11.8(16.5) Alchemy
 - Level 12.6(15.0) Evocations


You had 19 spell levels left.
You knew the following spells:

 Your Spells              Type           Power      Damage    Failure   Level
d - Iskenderun's Mystic   Conj/Tloc      85%        2d17      (+2d91%     4
e - Irradiate             Conj/Alch      46%        3d27      1%          5
g - Apportation           Tloc           100%       N/A       1%          1
h - Lee's Rapid Deconstr  Erth           56%        3d26*     0%          5
m - Permafrost Eruption   Ice/Erth       61%        2x4d14    1%          6
n - Dispel Undead         Necr           76%        3d25      1%          4
s - Maxwell's Capacitive  Air            45%        ∞         8%          8
w - Passwall              Erth           100%       N/A       0%          3
y - Yara's Violent Unrav  Hex/Alch       43%        3d17      1%          5
B - Blink                 Tloc           100%       N/A       1%          2
C - Shatter               Erth           56%        3d42*     1%          9
E - Arcjolt               Conj/Air       46%        1d56      1%          5

Your spell library contained the following spells:

 Spells                   Type           Power      Damage    Failure   Level
 Freeze                   Ice            100%       1d10      0%          1
 Kiss of Death            Conj/Necr      100%       2d13      0%          1
 Magic Dart               Conj           100%       1d8       0%          1
 Sandblast                Erth           100%       2d20      0%          1
 Shock                    Conj/Air       100%       1d9       0%          1
 Slow                     Hex            100%       N/A       0%          1
 Sting                    Conj/Alch      100%       1d9       0%          1
 Ensorcelled Hibernation  Hex/Ice        100%       N/A       0%          2
 Jinxbite                 Hex            100%       N/A       0%          2
 Mercury Vapours          Alch/Air       100%       N/A       0%          2
 Searing Ray              Conj           100%       2d8       0%          2
 Static Discharge         Conj/Air       100%       3-8/arc   0%          2
 Dazzling Flash           Conj/Hex       100%       N/A       0%          3
 Frozen Ramparts          Ice            100%       1d16      0%          3
 Hailstorm                Conj/Ice       100%       3d16      0%          3
 Mephitic Cloud           Conj/Alch/Air  93%        N/A       0%          3
 Ozocubu's Armour         Ice            100%       N/A       0%          3
 Stone Arrow              Conj/Erth      100%       3d13      0%          3
 Swiftness                Air            91%        N/A       0%          3
 Brom's Barrelling Bould  Conj/Erth      100%       2d11      0%          4
 Fulminant Prism          Conj/Alch      46%        3d21      0%          4
 Leda's Liquefaction      Alch/Erth      51%        N/A       0%          4
 Olgreb's Toxic Radiance  Alch           93%        N/A       0%          4
 Petrify                  Alch/Erth      100%       N/A       0%          4
 Foxfire                  Conj/Fire      100%       2x1d9     1%          1
 Necrotise                Necr           100%       1d9       1%          1
 Summon Small Mammal      Summ           100%       N/A       1%          1
 Call Imp                 Summ           78%        N/A       1%          2
 Confusing Touch          Hex            82%        N/A       1%          3
 Fugue of the Fallen      Necr           76%        N/A       1%          3
 Maxwell's Portable Pile  Tloc           74%        2d(12-35) 1%          3
 Teleport Other           Tloc           74%        N/A       1%          3
 Tukima's Dance           Hex            82%        N/A       1%          3
 Vampiric Draining        Necr           76%        2d11      1%          3
 Volatile Blastmotes      Fire/Tloc      100%       2d18      1%          3
 Airstrike                Air            45%        2d(7-23)  1%          4
 Dimensional Bullseye     Hex/Tloc       39%        N/A       1%          4
 Ignite Poison            Fire/Alch      72%        N/A       1%          4
 Martyr's Knell           Necr/Summ      61%        N/A       1%          4
 Passage of Golubria      Tloc           74%        N/A       1%          4
 Sticky Flame             Fire/Alch      72%        2d12      1%          4
 Summon Lightning Spire   Summ/Air       70%        N/A       1%          4
 Vhi's Electric Charge    Tloc/Air       100%       N/A       1%          4
 Alistair's Intoxication  Alch           62%        N/A       1%          5
 Borgnjor's Vile Clutch   Necr/Erth      48%        N/A       1%          5
 Curse of Agony           Necr           76%        N/A       1%          5
 Freezing Cloud           Conj/Ice/Air   56%        6-21      1%          5
 Iskenderun's Battlesphe  Conj           94%        2d14      1%          5
 Metabolic Englaciation   Hex/Ice        52%        N/A       1%          5
 Silence                  Hex/Air        43%        N/A       1%          5
 Bombard                  Conj/Erth      52%        9d9       1%          6
 Eringya's Noxious Bog    Alch           46%        4d6       1%          6
 Sculpt Simulacrum        Ice/Alch       55%        N/A       1%          6
 Orb of Destruction       Conj           47%        9d12      1%          7
 Summon Forest            Summ/Tloc      29%        N/A       2%          5
 Dispersal                Tloc           37%        N/A       2%          6
 Gell's Gavotte           Tloc           37%        2d(28-41) 2%          6
 Starburst                Conj/Fire      36%        6d11      3%          6
 Plasma Beam              Fire/Air       35%        2x1d48    4%          6
 Enfeeble                 Hex            41%        N/A       4%          7
 Summon Blazeheart Golem  Fire/Summ      39%        N/A       6%          4
 Manifold Assault         Tloc           37%        N/A       14%         7
 Spellforged Servitor     Conj/Summ      36%        N/A       17%         7
 Haunt                    Necr/Summ      30%        N/A       56%         7
 Infestation              Necr           38%        N/A       58%         8
 Chain Lightning          Conj/Air       46%        3d62      63%         9
 Disjunction              Tloc           37%        N/A       69%         8
 Summon Hydra             Summ           19%        N/A       99%         7
 Ignition                 Fire           19%        3d7       100%        8
 Death's Door             Necr           38%        N/A       100%        9
 Dragon's Call            Summ           19%        N/A       100%        9
 Fire Storm               Conj/Fire      36%        8d9       100%        9
 Cigotuvi's Dreadful Rot  Necr/Alch/Air  Unusable   N/A       N/A         2
 Sublimation of Blood     Necr           Unusable   N/A       N/A         2

Dungeon Overview and Level Annotations

Branches:
Dungeon (15/15)            Temple (0/1) D:7            Lair (5/5) D:8
 Shoals (4/4) Lair:2       Spider (4/4) Lair:2        Slime (0/5) Lair:5
    Orc (2/2) D:12            Elf (3/3) Orc:2        Vaults (5/5) D:13
  Crypt (3/3) Vaults:3       Tomb (0/3) Crypt:3      Depths (4/4) D:15
   Hell (visited)             Zot (5/5) Depths:4      IceCv (visited)
 WizLab (visited)
    Dis: Hell:1         Geh: Hell:1         Coc: Hell:1         Tar: Hell:1

Altars:
Ashenzari
Dithmenos
Elyvilon
Gozag
Hepliaklqana
Kikubaaqudgha
Makhleb
Nemelex Xobeh
Okawaru
Qazlal
Sif Muna
Uskayaw
Wu Jian
Xom
Yredelemnul
Zin
The Shining One
Beogh
Lugonu

Shops:
D:2 ?([=*   D:5 [   D:6 :   D:15 *   Orc:1 =   Orc:2 (([?   Shoals:3 !
Depths:1 [   Depths:4 (

Portals:
Hell: Depths:1 Depths:2 Depths:3 Depths:4
Abyss: Lair:5 Depths:2 Depths:3
Pandemonium: Depths:2
Ziggurat: Depths:4


Innate Abilities, Weirdness & Mutations

You are immune to sickness and miasma.
Your stone body is resilient. (AC +20)
You are immune to poison.
Your large and strong wings let you fly.
You resist negative energy. (rN+)
You are resistant to electric shocks. (rElec)
You are resistant to unholy torment.
You are immune to petrification.


Message History

There is a stone staircase leading down, spattered with blood here.
You see here a +0 morningstar. 4 hell hogs come into view.
There is an escape hatch in the ceiling here.
You feel a surge of power!
Bitter cold erupts, blasting rock from the ceiling!
The mass of rock hits the hell hog!!
The hell hog is moderately wounded.
Piercing cold boils outward!
The piercing cold hits the hell hog!!
The hell hog is almost dead.
The piercing cold hits the hell hog!!
The hell hog is heavily wounded.
You feel a surge of power!
Bitter cold erupts, blasting rock from the ceiling!
The mass of rock hits the hell hog!
You kill the hell hog!
Piercing cold boils outward!
The piercing cold hits the hell hog!!!
You kill the hell hog!
The hell hog breathes fire at you.
The fireball explodes!
The fireball engulfs you. You resist. The hell hog breathes fire at you.
The fireball explodes!
The fireball engulfs you but does no damage.
Casting: Permafrost Eruption (safe; 1% risk of failure)
Confirm with . or Enter, or press ? or * to list all spells.
The dungeon rumbles!
You kill the hell hog! x2
Ka-crash!
A mysterious force pulls you upwards. The hatch slams shut behind you.
There is a stone staircase leading up, spattered with blood here.
Things that are here:
a +0 shortbow; a centaur skeleton You fly upwards.
There is a stone staircase leading down here.
Magic restored.
There is a stone staircase leading up here.
You fly upwards.
There is a stone staircase leading down here.
You see here a +0 robe.
There is an escape hatch in the ceiling here.
A mysterious force pulls you upwards. The hatch slams shut behind you.
Items here: ) ÷÷÷.
There is a stone staircase leading up here.
You fly upwards.
There is a stone staircase leading down here.
There is a stone staircase leading up here.
You fly upwards.
There is a stone staircase leading down here.
There is a staircase leading out of the dungeon here.
You have escaped!

#.# ###.# #.# #.####.# #.#
#...## #.# #.# #.# #.###
#.#..## #.# #.# #.# #...#
#.....###.#########.####.#
###.#
#.##...##.##.............#
#.#
###.....####.######.######
#†# #..)##..##########.#
#.# ##.####....##......#
#.#####.# #..@.######### #
#.#..[..## ##....#
######## #.#.#....#
#..#..## #.......
#...##...###.###..##
#.###### ###.####....)..#
##..### #.# # #...#
###....## #....# #.# ##
#.#### #....# #..#.# #.#
#. .....## ##.### ##.##.#
#.# #.
..#.#.####...#####..##.#
#.# #.


There were no monsters in sight!

Vanquished Creatures
  Frederick (Crypt:3)
  2 ancient liches
  Tiamat (Depths:4)
  4 dread liches
  7 orbs of fire
  Mennas (Crypt:3)
  The ghost of Miusm the Impregnable, a legendary CoHu of Cheibriados (Zot:4)
  Xtahua (Crypt:3)
  Boris (Crypt:3)
  Josephina (Crypt:3)
  4 Killer Klowns (Zot:5)
  3 caustic shrikes
  Geryon (Hell)
  A profane servitor (Crypt:3)
  Norris (Depths:2)
  9 golden dragons
  the Enchantress (Depths:1)
  Jory (Vaults:2)
  A bone dragon (Crypt:3)
  5 electric golems
  18 tentacled monstrosities
  A walking crystal tome (Depths:2)
  Zenata (Crypt:3)
  8 liches
  Mlioglotl (Spider:2)
  2 deep elf master archers (Elf:3)
  10 quicksilver dragons
  Asterion (Elf:3)
  26 Orb Guardians
  The ghost of Wiath the Deadly Accurate, an adept DrBr of Ashenzari (Vaults:1)
  A walking frostbound tome (Depths:3)
  3 deep elf blademasters
  A walking divine tome (Depths:2)
  7 ancient champions
  Polyphemus (Shoals:3)
  5 sphinxes
  5 acid blobs (Depths:2)
  An eldritch tentacle (WizLab)
  3 krakens
  6 titans
  Kirke (Lair:4)
  9 shadow dragons
  6 death cobs
  3 tentacled starspawn (WizLab)
  Aizul (Elf:3)
  Roxanne (Shoals:2)
  12 storm dragons
  3 revenants
  6 rockslimes (Depths:2)
  11 tengu reavers
  3 azure jellies
  6 draconian monks
  4 draconian knights
  A deep elf sorcerer (Vaults:5)
  14 fire giants
  2 iron dragons (Depths:3)
  3 draconian shifters
  12 frost giants
  14 vault wardens
  4 emperor scorpions
  Louise (D:15)
  2 draconian scorchers
  6 deep elf elementalists
  A spectral caustic shrike (Crypt:3)
  5 draconian stormcallers
  An angel (Depths:4)
  2 ghouls
  A curse skull (Crypt:3)
  11 ghost moths
  3 draconian annihilators
  A juggernaut zombie (Depths:3)
  3 spriggan defenders (Depths:1)
  15 ironbound preservers
  4 broodmothers
  6 reapers
  2 formless jellyfish (Vaults:1)
  19 vampire knights
  7 ironbound thunderhulks
  14 deep elf death magi
  11 stone giants
  21 very ugly things
  6 deep elf demonologists (Elf:3)
  6 deep elf annihilators
  5 green draconians
  A ghost moth (shapeshifter) (WizLab)
  7 white draconians
  5 black draconians
  14 dire elephants
  12 yellow draconians
  13 red draconians
  2 lorocyprocas
  8 spark wasps
  3 eidola
  A broodmother (shapeshifter) (Depths:3)
  12 war gargoyles
  9 purple draconians
  A crystal guardian (Vaults:3)
  19 jiangshi
  3 merfolk javelineers
  13 ettins
  10 merfolk impalers
  8 deep elf high priests
  16 ice dragons
  21 fire dragons
  6 entropy weavers
  2 caustic shrike simulacra (IceCv)
  A spriggan zombie (Crypt:1)
  3 rakshasas
  A quicksilver dragon skeleton (Crypt:1)
  Harold (Lair:2)
  45 vault guards
  4 catoblepae
  A hell beast (Hell)
  5 hydras
  13 yaktaur captains
  A jorogumo (Spider:1)
  9 great orbs of eyes
  A peacekeeper (Vaults:3)
  8 ironbound frosthearts
  5 spriggan air magi
  17 centaur warriors
  5 merfolk avatars
  5 merfolk aquamancers
  2 ogre magi (Vaults:5)
  4 death knights
  Erica (Lair:1)
  2 alligator snapping turtles
  2 death yaks (Shoals:3)
  9 two-headed ogres
  9 boulder beetles
  15 tengu warriors
  5 deep troll shamans
  3 radroaches
  8 spriggan berserkers
  Urug (D:13)
  10 vampire magi
  4 demonic crawlers
  4 thrashing horrors
  7 deep troll earth magi
  11 soul eaters
  12 hell hogs
  2 shock serpents (shapeshifter)
  A spriggan (Depths:1)
  9 sun demons
  8 deep elf knights
  Amaemon (Lair:2)
  4 iron trolls
  An occultist (Depths:2)
  23 hell knights
  7 skysharks
  A sixfirhy (Depths:4)
  43 skeletal warriors
  6 pharaoh ants
  4 shadow wraiths
  2 flayed ghosts
  7 orb spiders
  5 deep elf archers
  3 glowing orange brains
  The ghost of senseless the Insei, a novice OpSh (D:7)
  36 dancing weapons
  3 obsidian statues
  A mana viper (WizLab)
  2 shadow demons (Hell)
  A spark wasp zombie (Crypt:2)
  A sea snake (shapeshifter) (Vaults:5)
  2 orange crystal statues (IceCv)
  48 deep trolls
  6 sea snakes
  2 anaconda skeletons
  22 ironbound convokers
  5 bog bodies
  18 harpies
  A snapping turtle (shapeshifter) (WizLab)
  A spectral hydra (Crypt:3)
  8 arcanists
  Pikel (D:8)
  3 steelbarb worms
  A spriggan simulacrum (Crypt:1)
  12 lindwurms
  5 orc knights
  An alligator zombie (Hell)
  12 phantasmal warriors
  21 deep elf zephyrmancers
  A sphinx simulacrum (Depths:3)
  A steelbarb worm (shapeshifter) (Vaults:5)
  25 deep elf pyromancers
  19 wolf spiders
  3 orc sorcerers
  41 ugly things
  A faun (shapeshifter) (D:13)
  10 cyclopes
  11 necromancers
  14 moths of wrath
  10 oklob plants
  A wolf spider (shapeshifter) (Depths:2)
  12 manticores
  An alligator skeleton (WizLab)
  3 large abominations
  2 worldbinders (WizLab)
  A cyclops (shapeshifter) (Elf:1)
  2 fauns
  3 water nymphs
  32 elephants
  3 meliai (Spider:4)
  19 vault sentinels
  2 merfolk sirens
  A shock serpent zombie (Crypt:2)
  An apocalypse crab (WizLab)
  A gargoyle (D:13)
  A guardian serpent (shapeshifter) (Lair:5)
  An orange demon (Lair:2)
  A black mamba (Lair:5)
  2 torpor snails
  A frost giant skeleton (Depths:3)
  2 torpor snails (shapeshifter)
  3 kobold blastminers (Orc:2)
  3 unseen horrors
  7 smoke demons
  A storm dragon simulacrum (Crypt:3)
  8 molten gargoyles
  Maggie (D:7)
  A black draconian zombie (Crypt:1)
  An unseen horror zombie (D:9)
  An elephant slug zombie (Crypt:1)
  16 cane toads
  4 hellions
  6 komodo dragons
  Jeremiah (D:7)
  An unseen horror (shapeshifter) (Elf:1)
  2 rime drakes
  Psyche (D:8)
  24 yaktaurs
  A rime drake (shapeshifter) (Elf:1)
  13 freezing wraiths
  2 tengu conjurers (D:13)
  2 hydra zombies (Hell)
  A tormentor (D:14)
  3 golden dragon simulacra (IceCv)
  2 guardian mummies (Crypt:1)
  2 ice devils (D:9)
  23 merfolk
  An anaconda simulacrum (IceCv)
  A sea snake skeleton (Hell)
  2 red devils (Hell)
  A queen bee (shapeshifter) (Elf:2)
  20 tarantellas
  2 trolls (D:12)
  A death drake zombie (Crypt:1)
  7 polar bears
  Prince Ribbit (D:7)
  A spectral harpy (Crypt:3)
  5 wind drakes
  A hornet (Depths:1)
  8 snapping turtles
  A jumping spider (shapeshifter) (Elf:1)
  36 jumping spiders
  2 raiju (shapeshifter)
  3 raiju
  7 dream sheep
  A blink frog (shapeshifter) (D:14)
  A glass eye (Depths:3)
  A boulder beetle zombie (Crypt:1)
  28 blink frogs
  A spriggan (shapeshifter) (Depths:3)
  37 slime creatures
  Sigmund (D:6)
  A naga simulacrum (Crypt:3)
  6 shadows
  2 air elementals
  18 culicivoras
  A yak (shapeshifter) (Elf:1)
  15 water elementals
  9 wraiths
  57 yaks
  3 ynoxinuls
  3 wyverns
  2 dire elephant simulacra (IceCv)
  6 basilisks
  A vampire (D:13)
  8 fire elementals
  5 hogs (Lair:4)
  4 starcursed masses (WizLab)
  Grum (D:8)
  2 basilisks (shapeshifter) (Elf:1)
  4 vampire mosquitoes (D:15)
  A human (shapeshifter) (Lair:5)
  3 wargs
  A golden eye (shapeshifter) (Elf:1)
  4 humans (D:13)
  A redback (shapeshifter) (Vaults:5)
  A steam dragon (D:9)
  A steam dragon (shapeshifter) (Elf:1)
  33 redbacks
  A water nymph zombie (Crypt:2)
  2 chaos spawn (Lair:5)
  A harpy simulacrum (IceCv)
  A swamp worm (shapeshifter) (Elf:1)
  Edmund (D:5)
  7 hydra simulacra
  5 acid dragons
  22 water moccasins
  A hornet zombie (Crypt:2)
  An ice beast (D:4)
  A swamp drake (D:12)
  3 black bears
  35 orc warriors
  2 sky beasts
  17 small abominations
  3 ettin simulacra (IceCv)
  20 laughing skulls
  A crocodile (shapeshifter) (Vaults:5)
  12 wolves
  18 centaurs
  3 boggarts
  9 ogres
  A phantom (D:5)
  A weeping skull (Crypt:3)
  13 bullfrogs
  A rime drake skeleton (Crypt:1)
  4 scorpions
  A wyvern zombie (D:7)
  4 earth elementals
  12 wights
  A salamander skeleton (Crypt:1)
  4 burial acolytes (Crypt:3)
  A warg skeleton (Crypt:2)
  5 killer bees (D:11)
  2 spriggan skeletons (Crypt:1)
  2 howler monkeys (D:8)
  A bombardier beetle (D:4)
  A bullfrog zombie (D:7)
  2 centaur zombies
  A jelly (D:6)
  A human zombie (Crypt:1)
  14 orc priests
  A gnoll bouda (D:6)
  8 hounds
  Jessica (D:2)
  5 iguanas
  Natasha (thrice) (D:4)
  2 human skeletons (Crypt:1)
  5 sleepcaps
  11 orc wizards
  4 hell rats (Hell)
  A basilisk skeleton (Crypt:1)
  A hound skeleton (Crypt:2)
  5 mummies (Crypt:1)
  Robin (D:2)
  A howler monkey zombie (D:7)
  8 gnolls (D:6)
  3 adders
  3 white imps
  2 ufetubi (D:6)
  A lava snake zombie (Crypt:1)
  An iguana skeleton (Crypt:2)
  A lava snake skeleton (Crypt:1)
  2 ribbon worms
  58 orcs
  3 bats
  5 endoplasms
  2 giant cockroaches
  17 goblins
  5 hobgoblins
  6 jackals
  6 kobolds
  2 quokkas (D:4)
  5 ball pythons
  2 frilled lizards (D:1)
  A quokka zombie (Crypt:2)
  5 rats
  2 starspawn tentacles (WizLab)
  3 tentacles (Shoals:3)
2330 creatures vanquished.

Vanquished Creatures (collateral kills)
  A two-headed ogre (D:9)
  6 wights
  An orc (D:10)
8 creatures vanquished.

Vanquished Creatures (others)
  A pandemonium lord (D:9)
  An eldritch tentacle (WizLab)
  A bog body (Crypt:3)
  8 dancing weapons
  A centaur simulacrum (Crypt:3)
  A laughing skull (Crypt:3)
  A black mamba simulacrum (Crypt:3)
  4 ball lightnings (D:9)
  13 tentacles
31 creatures vanquished.

Grand Total: 2369 creatures vanquished

Notes
Turn   | Place    | Note
-------+----------+-------------------------------------------
     0 | D:1      | Ge0ff the Gargoyle Enchanter began the quest for the Orb.
     0 | D:1      | Reached XP level 1. HP: 10/10 MP: 3/3
    50 | D:1      | Reached skill level 1 in Short Blades
   107 | D:1      | Reached skill level 1 in Fighting
   297 | D:1      | Reached XP level 2. HP: 16/16 MP: 5/5
   300 | D:1      | Learned a level 2 spell: Jinxbite
   719 | D:2      | Noticed Robin
   802 | D:2      | Reached XP level 3. HP: 20/20 MP: 6/6
   839 | D:2      | Found Paeju's Antique Weapon Shop.
   851 | D:2      | Found Kioluw's Jewellery Emporium.
   895 | D:2      | Found Yklyg's Antique Armour Boutique.
   911 | D:2      | Killed Robin
  1007 | D:2      | Found Potast's Assorted Antiques.
  1035 | D:2      | Bought a scroll labelled IFFOEL LINOOMY for 27 gold pieces
  1101 | D:2      | Reached XP level 4. HP: 25/25 MP: 4/7
  1549 | D:2      | Found Iczy's Magic Scroll Shop.
  1557 | D:2      | Bought a scroll of identify for 28 gold pieces
  1557 | D:2      | Bought a scroll of teleportation for 42 gold pieces
  1826 | D:2      | Noticed Jessica
  1827 | D:2      | Found an ornate altar of the Wu Jian Council.
  1833 | D:2      | Killed Jessica
  1957 | D:3      | Noticed a black bear
  1983 | D:3      | Killed a black bear
  1984 | D:3      | Reached XP level 5. HP: 30/30 MP: 1/8
  1985 | D:3      | Reached XP level 6. HP: 35/35 MP: 1/9
  2014 | D:3      | Learned a level 2 spell: Ensorcelled Hibernation
  2097 | D:3      | Found a broken altar of Ashenzari.
  2106 | D:3      | Became a worshipper of Ashenzari the Shackled
  2126 | D:3      | Identified the +0 helmet of the Changing Gods {rElec rF++}
  2447 | D:3      | Noticed a +0 falchion
  2447 | D:3      | Noticed a +0 spear
  2450 | D:3      | Noticed a +0 dagger
  2450 | D:3      | Noticed a +0 short sword
  2450 | D:3      | Noticed a +0 dagger
  2450 | D:3      | Noticed a +0 spear
  2451 | D:3      | Noticed a +0 falchion
  2452 | D:3      | Noticed a +0 short sword
  2486 | D:3      | Found a hide-covered altar of Uskayaw.
  2766 | D:4      | Found an ornate altar of the Wu Jian Council.
  2794 | D:4      | Found a glowing golden altar of the Shining One.
  2855 | D:4      | Noticed a black bear
  2906 | D:4      | Noticed Natasha
  2973 | D:4      | Killed Natasha
  2974 | D:4      | Reached skill level 1 in Ice Magic
  3012 | D:4      | Identified the +10 quarterstaff "Wuguit" {flame, rF+ rC++
                  | Will- Dex-2}
  3059 | D:4      | Noticed Natasha
  3070 | D:4      | Killed Natasha
  3071 | D:4      | Reached skill level 5 in Short Blades
  3142 | D:4      | Noticed Natasha
  3154 | D:4      | Killed Natasha
  3230 | D:4      | Noticed an ice beast
  3250 | D:4      | Killed an ice beast
  3340 | D:4      | Killed a black bear
  3341 | D:4      | Reached XP level 7. HP: 39/40 MP: 3/10
  3402 | D:4      | You fall into a shaft and drop 3 floors!
  3424 | D:7      | Learned a level 3 spell: Tukima's Dance
  3483 | D:7      | Found a staircase to the Ecumenical Temple.
  3571 | D:7      | Learned a level 3 spell: Confusing Touch
  3704 | D:7      | Reached XP level 8. HP: 12/46 MP: 4/11
  3970 | D:7      | Noticed Jeremiah
  3975 | D:7      | Noticed Prince Ribbit
  3990 | D:7      | Killed Jeremiah
  4300 | D:7      | Killed Prince Ribbit
  4301 | D:7      | Reached skill level 5 in Hexes
  4495 | D:7      | Found a runed translucent door.
  4498 | D:7      | Noticed senseless's ghost (novice OpSh)
  4691 | D:7      | Reached XP level 9. HP: 28/52 MP: 9/12
  4959 | D:6      | Found a hazy altar of Hepliaklqana.
  4982 | D:6      | Found a white marble altar of Elyvilon.
  4985 | D:6      | Reached skill level 5 in Fighting
  5005 | D:6      | Found a shadowy altar of Dithmenos.
  5070 | D:6      | Reached skill level 1 in Evocations
  5224 | D:5      | Entered Level 5 of the Dungeon
  5967 | D:5      | Noticed Edmund
  5992 | D:5      | Killed Edmund
  6560 | D:5      | Found Jicanuek's Armour Boutique.
  6616 | D:5      | Reached * piety under Ashenzari
  6941 | D:6      | Identified a scroll of acquirement
  6952 | D:6      | Found Ifrasut's Book Boutique.
  6982 | D:6      | Noticed Sigmund
  7093 | D:6      | Killed Sigmund
  7177 | D:6      | Acquired a book of Transmutation
  7255 | D:6      | Found a stormy altar of Qazlal.
  7309 | D:6      | Reached XP level 10. HP: 32/59 MP: 5/13
  7926 | D:7      | Killed senseless's ghost
  7940 | D:7      | Learned a level 5 spell: Irradiate
  7973 | D:8      | Noticed Maggie
  7973 | D:8      | Found a staircase to the Lair.
  7982 | D:7      | Killed Maggie
  7983 | D:7      | Reached skill level 1 in Conjurations
  8082 | D:8      | Noticed Grum
  8085 | D:8      | Killed Grum
  8086 | D:8      | Reached skill level 1 in Alchemy
  8105 | D:8      | Identified the +0 plate armour "Irejuib" {rC+}
  8476 | D:8      | Reached skill level 10 in Short Blades
  8565 | D:8      | Found an ancient bone altar of Kikubaaqudgha.
  8627 | D:8      | Noticed Pikel
  8631 | D:8      | Killed Pikel
  8896 | D:8      | Noticed Psyche
  8900 | D:8      | Killed Psyche
  8901 | D:8      | Reached skill level 5 in Conjurations
  9022 | D:8      | Reached ** piety under Ashenzari
  9134 | D:2      | Bought a runed cloak for 202 gold pieces
  9536 | D:8      | Reached XP level 11. HP: 63/63 MP: 17/17
  9864 | D:9      | Noticed a two-headed ogre
  9873 | D:9      | Killed a two-headed ogre
 10116 | D:9      | Noticed a two-headed ogre
 10123 | D:9      | Killed a two-headed ogre
 10124 | D:9      | Reached skill level 1 in Armour
 10124 | D:9      | Reached skill level 5 in Alchemy
 10371 | D:9      | Found a sparkling altar of Nemelex Xobeh.
 10872 | D:9      | Found a basalt altar of Yredelemnul.
 10977 | D:10     | Entered Level 10 of the Dungeon
 11365 | D:10     | Found a shimmering blue altar of Sif Muna.
 11438 | D:10     | Noticed a two-headed ogre
 11458 | D:10     | Killed a two-headed ogre
 11459 | D:10     | Reached skill level 5 in Spellcasting
 11588 | D:10     | Identified the +5 short sword of the Beginning {venom,
                  | Str-3 Int+6 Dex+3}
 12680 | D:11     | Reached XP level 12. HP: 71/71 MP: 13/21
 12870 | D:11     | Noticed a two-headed ogre
 12875 | D:11     | Killed a two-headed ogre
 13199 | D:11     | Reached *** piety under Ashenzari
 14161 | Lair:1   | Entered Level 1 of the Lair of Beasts
 14334 | Lair:1   | Noticed Erica
 14345 | Lair:1   | Killed Erica
 14558 | Lair:1   | Noticed a catoblepas
 14565 | Lair:1   | Killed a catoblepas
 14840 | D:2      | Bought a buckler for 121 gold pieces
 14850 | D:2      | Reached **** piety under Ashenzari
 15106 | Lair:1   | Reached skill level 1 in Shields
 15167 | Lair:1   | Reached skill level 10 in Conjurations
 15177 | Lair:1   | Reached XP level 13. HP: 59/80 MP: 10/26
 15308 | Lair:1   | Reached skill level 2 in Shields
 16568 | Lair:2   | Acquired the +0 scale mail of the Swamp {rN+ Will+ rCorr
                  | Str+4}
 16634 | Lair:2   | Reached skill level 3 in Shields
 16798 | Lair:2   | Found a staircase to the Shoals.
 17017 | Lair:2   | Noticed Harold
 17158 | Lair:2   | Killed Harold
 17159 | Lair:2   | Reached skill level 5 in Evocations
 17207 | Lair:2   | Found a hole to the Spider Nest.
 17711 | Lair:2   | Learned a level 1 spell: Apportation
 18165 | Lair:2   | Reached skill level 1 in Translocations
 19053 | Lair:3   | Identified the Commentary on Violence
 19400 | Lair:4   | Gained mutation: Your large and strong wings let you fly.
                  | [Gargoyle growth]
 19400 | Lair:4   | Reached XP level 14. HP: 88/88 MP: 23/29
 19921 | Lair:4   | Noticed Kirke
 19939 | Lair:4   | Killed Kirke
 19946 | Lair:4   | Learned a level 5 spell: Arcjolt
 20257 | Lair:4   | Reached skill level 1 in Air Magic
 20776 | Lair:5   | Entered Level 5 of the Lair of Beasts
 21483 | Lair:5   | Reached skill level 5 in Air Magic
 21674 | Lair:5   | Found a staircase to the Slime Pits.
 21702 | Lair:5   | Identified the +1 scale mail of Polish {Dex+4}
 22140 | Lair:5   | Identified the +5 short sword of Alaotsel {flame, Str+3
                  | Dex+3}
 22639 | Lair:5   | Reached ***** piety under Ashenzari
 22844 | D:2      | Bought an amulet of regeneration for 330 gold pieces
 23548 | Lair:5   | Reached skill level 4 in Shields
 23743 | Lair:5   | Reached XP level 15. HP: 95/95 MP: 16/31
 23855 | Lair:5   | Found the +5 robe of Misfortune {Harm *Corrode *Slow EV+5}
 24046 | Lair:5   | Found a corrupted altar of Lugonu.
 24046 | Lair:5   | Found a one-way gate to the infinite horrors of the Abyss.
 24135 | Lair:5   | Learned a level 8 spell: Maxwell's Capacitive Coupling
 24313 | Lair:1   | Learned a level 5 spell: Yara's Violent Unravelling
 24700 | D:12     | Identified the +0 robe "Idiuzim" {rPois rC- MP+9 Archmagi}
 25086 | D:12     | Found a staircase to the Orcish Mines.
 25543 | Orc:1    | Entered Level 1 of the Orcish Mines
 25543 | Orc:1    | Found Jiaga's Jewellery Shop.
 25623 | Orc:2    | Entered Level 2 of the Orcish Mines
 26209 | Orc:1    | Found a roughly hewn altar of Beogh.
 26494 | Orc:2    | Found a staircase to the Elven Halls.
 26718 | Orc:2    | Reached skill level 10 in Spellcasting
 27073 | Orc:2    | Found Duvafeirph's Weapon Shop.
 27089 | Orc:2    | Found Culeiluck's Antique Armour Emporium.
 27089 | Orc:2    | Found Feliasull's Weapon Boutique.
 27091 | Orc:2    | Found Zeytsarchil's Magic Scroll Shoppe.
 27168 | Orc:2    | Bought a shiny buckler for 202 gold pieces
 28252 | D:13     | Found the +10 dark maul {heavy}
 28411 | D:6      | Bought a book of Annihilations for 840 gold pieces
 28487 | D:2      | Bought a scroll of amnesia for 56 gold pieces
 28741 | D:13     | Noticed Urug
 28752 | D:13     | Killed Urug
 28753 | D:13     | Reached skill level 1 in Earth Magic
 28973 | D:13     | Reached skill level 5 in Earth Magic
 29131 | D:13     | Found a gate to the Vaults.
 30154 | D:14     | Reached XP level 16. HP: 101/101 MP: 22/33
 30178 | D:14     | Found a burning altar of Makhleb.
 31007 | D:15     | Entered Level 15 of the Dungeon
 31203 | D:15     | Found Usaxenaz's General Store.
 31217 | D:15     | Noticed Louise
 31227 | D:15     | Killed Louise
 31303 | D:15     | Found a staircase to the Depths.
 31634 | D:15     | Reached skill level 10 in Earth Magic
 32476 | D:15     | Learned a level 9 spell: Shatter
 32660 | Lair:2   | Noticed Amaemon
 32669 | Lair:2   | Killed Amaemon
 32670 | Lair:2   | Reached skill level 5 in Armour
 32819 | Spider:1 | Entered Level 1 of the Spider Nest
 34520 | Spider:1 | Learned a level 2 spell: Blink
 35458 | Spider:2 | Acquired a book of the Earth
 35740 | D:15     | Bought a scroll of amnesia for 60 gold pieces
 35748 | D:15     | Learned a level 6 spell: Permafrost Eruption
 36037 | Spider:2 | Reached ****** piety under Ashenzari
 36214 | Spider:2 | Noticed Mlioglotl
 36221 | Spider:2 | Killed Mlioglotl
 36783 | Spider:3 | Reached skill level 5 in Ice Magic
 36793 | Spider:3 | Noticed an azure jelly
 36799 | Spider:3 | Killed an azure jelly
 36802 | Spider:3 | Found a glacial archway.
 36942 | IceCv    | Entered an ice cave
 36976 | IceCv    | Reached XP level 17. HP: 106/106 MP: 1/35
 37551 | IceCv    | Identified the ring "Berut" {EV+5 Dex+3}
 38414 | Spider:3 | Reached skill level 15 in Earth Magic
 38770 | Spider:3 | Reached skill level 10 in Air Magic
 39837 | Spider:4 | Entered Level 4 of the Spider Nest
 42211 | Spider:4 | Identified the +0 scale mail of the Heavens {Rampage rF+
                  | rN+ Will+}
 43234 | Spider:4 | Got a gossamer rune of Zot
 43433 | Shoals:1 | Entered Level 1 of the Shoals
 44823 | D:15     | Bought a scroll of acquirement for 780 gold pieces
 44823 | D:15     | Acquired 681 gold pieces
 45275 | Shoals:2 | Noticed Roxanne
 45303 | Shoals:1 | Learned a level 5 spell: Lee's Rapid Deconstruction
 45306 | Shoals:2 | Reached XP level 18. HP: 115/115 MP: 32/39
 45308 | Shoals:2 | Reached skill level 5 in Shields
 46430 | Shoals:2 | Killed Roxanne
 46787 | Shoals:3 | Noticed Polyphemus
 46794 | Shoals:3 | Killed Polyphemus
 47751 | Shoals:3 | Identified the +0 arbalest of the Establishment {heavy,
                  | ^Fragile rElec rF- Int+9}
 47758 | Shoals:3 | Found Ryoral's Distillery.
 47798 | Shoals:3 | Bought 2 potions of heal wounds for 170 gold pieces
 48398 | Shoals:4 | Entered Level 4 of the Shoals
 50361 | Shoals:4 | Found an iron altar of Okawaru.
 50365 | Shoals:4 | Identified the +6 dagger of the Bursting Augurer {holy, rC+
                  | rN+ Str-2 Dex+3}
 50845 | Shoals:4 | Got a barnacled rune of Zot
 51645 | Elf:1    | Entered Level 1 of the Elven Halls
 52056 | Elf:1    | Identified the Catalogue of Azoth
 52057 | Elf:1    | Identified the +5 halberd "Kibubbac" {drain, rC+}
 52058 | Elf:1    | Identified the Atlas of the Shark
 52263 | Elf:1    | Reached XP level 19. HP: 119/121 MP: 7/40
 53355 | Elf:2    | Learned a level 4 spell: Iskenderun's Mystic Blast
 53423 | Elf:2    | Found a magical portal.
 53496 | WizLab   | Entered The Roulette of Golubria
 53496 | WizLab   | Found a transporter.
 53499 | WizLab   | Found the +0 cloak of the Thief {Quiet Slay-3 SInv Stlth+}
 53499 | WizLab   | Found a corrupted altar of Lugonu.
 53746 | WizLab   | Found a transporter.
 53751 | WizLab   | Found a corrupted altar of Lugonu.
 53754 | WizLab   | Found a transporter.
 53767 | WizLab   | Identified the +0 cloak of Lugonu's Condemnation {^Contam
                  | Harm Regen+ rCorr}
 53816 | WizLab   | Found a transporter.
 53820 | WizLab   | Noticed a tentacled monstrosity
 53857 | WizLab   | Found a transporter.
 53915 | WizLab   | Found a transporter.
 54065 | WizLab   | Found a transporter.
 54093 | WizLab   | Found a transporter.
 54101 | WizLab   | Found a corrupted altar of Lugonu.
 54127 | WizLab   | Found a corrupted altar of Lugonu.
 54185 | WizLab   | Found a transporter.
 54342 | WizLab   | Killed a tentacled monstrosity
 54661 | WizLab   | Found a transporter.
 54661 | WizLab   | Found a corrupted altar of Lugonu.
 54758 | WizLab   | Found a transporter.
 54876 | WizLab   | Found a transporter.
 54876 | WizLab   | Found a transporter.
 54982 | WizLab   | Reached skill level 15 in Spellcasting
 55076 | WizLab   | Found a transporter.
 55080 | WizLab   | Found a transporter.
 55249 | WizLab   | Found a transporter.
 55252 | WizLab   | Found a transporter.
 55394 | WizLab   | Found a transporter.
 55397 | WizLab   | Identified the Secrets of Elsewhere
 55398 | WizLab   | Found a transporter.
 55465 | WizLab   | Found a corrupted altar of Lugonu.
 56542 | Elf:2    | Found a runed translucent gate.
 56543 | Elf:2    | Found a runed translucent gate.
 56544 | Elf:2    | Found a runed translucent gate.
 58503 | Elf:3    | Entered Level 3 of the Elven Halls
 58505 | Elf:3    | Reached XP level 20. HP: 123/123 MP: 36/43
 58773 | Elf:3    | Identified the serpent talisman of the Game of Kings {rF-
                  | rC+ Int+3}
 58773 | Elf:3    | Noticed Aizul
 58777 | Elf:3    | Killed Aizul
 59067 | Elf:3    | Noticed Asterion
 59071 | Elf:3    | Killed Asterion
 59433 | Elf:3    | Reached skill level 1 in Throwing
 60093 | Elf:3    | Reached skill level 6 in Shields
 60276 | Elf:3    | Identified the +1 quarterstaff "Zayl" {drain, rPois Str+4
                  | Int-3}
 60390 | Elf:3    | Identified the ring "Kamothan" {Wiz Slay+5}
 60451 | Elf:3    | Identified the ring of Wusch {Str+5 Dex+6}
 60454 | Elf:3    | Identified the ring of Seziun {rC+ rCorr}
 60457 | Elf:3    | Noticed a Tzitzimitl
 60713 | Elf:3    | Identified the staff "Mommouz" {rC+ rN+ Str+4 Stlth+ Ice}
 60714 | Elf:3    | Identified the +3 arbalest of the Keeping Stork {elec,
                  | rElec Int+2}
 60774 | Elf:3    | Identified the +1 hand axe of the Spheres {flame, Will-
                  | Str+3}
 60776 | Elf:3    | Identified the +1 pair of boots of the Shining Light {-Tele
                  | Rampage Will+++ Stlth+}
 60802 | Elf:3    | Identified the Guidebook on Marshalled Spellbinding
 60803 | Elf:3    | Identified the +7 shortbow "Giantbane" {freeze, SInv}
 61180 | Vaults:1 | Entered Level 1 of the Vaults
 62228 | Vaults:1 | Found a runed translucent door.
 62230 | Vaults:1 | Noticed Wiath's ghost (adept DrBr)
 62235 | Vaults:1 | Killed Wiath's ghost
 62236 | Vaults:1 | Reached skill level 10 in Fighting
 62978 | Vaults:1 | Reached skill level 7 in Shields
 63121 | Vaults:1 | Reached XP level 21. HP: 121/132 MP: 11/46
 65387 | Vaults:2 | Reached skill level 10 in Alchemy
 65900 | Vaults:2 | Noticed Jory
 65910 | Vaults:2 | Killed Jory
 66295 | Vaults:2 | Reached skill level 10 in Ice Magic
 66297 | Vaults:2 | Reached skill level 8 in Shields
 67053 | Vaults:3 | Identified the +1 scale mail of the Sacrificial Victim {rN+
                  | Str+3}
 67264 | Vaults:3 | Reached skill level 5 in Stealth
 67428 | Vaults:3 | Found a staircase to the Crypt.
 67602 | Vaults:3 | Reached skill level 5 in Throwing
 67965 | Vaults:3 | Reached XP level 22. HP: 140/140 MP: 24/47
 68453 | Vaults:3 | Acquired 541 gold pieces
 68859 | Vaults:5 | Entered Level 5 of the Vaults
 68862 | Vaults:5 | Reached skill level 9 in Shields
 70031 | Crypt:1  | Entered Level 1 of the Crypt
 70306 | Crypt:1  | Reached skill level 10 in Shields
 70482 | Crypt:3  | Entered Level 3 of the Crypt
 70487 | Crypt:3  | Reached XP level 23. HP: 145/145 MP: 32/49
 70626 | Crypt:3  | Noticed Zenata
 70628 | Crypt:3  | Noticed Mennas
 70636 | Crypt:3  | Killed Zenata
 70637 | Crypt:3  | Killed Mennas
 70677 | Crypt:3  | Found an ancient bone altar of Kikubaaqudgha.
 70718 | Crypt:3  | Identified the orb "Binuopam" {*channel, rC- Will+++ Int+3
                  | Slay+3}
 70718 | Crypt:3  | Noticed Frederick
 70721 | Crypt:3  | Killed Frederick
 70725 | Crypt:3  | Identified the +3 robe "Panul Vied" {Int+3 Archmagi}
 70725 | Crypt:3  | Noticed Boris
 70732 | Crypt:3  | Killed Boris
 70733 | Crypt:3  | Identified the ring of Midnight {Ice Int+2 Stlth+}
 70733 | Crypt:3  | Noticed Josephina
 70746 | Crypt:3  | Killed Josephina
 70895 | Crypt:3  | Noticed Xtahua
 70909 | Crypt:3  | Killed Xtahua
 70988 | Crypt:3  | Reached skill level 11 in Shields
 71016 | Crypt:3  | Found a staircase to the Tomb.
 71023 | Crypt:3  | Identified the Writings on Unspeakable Rituals
 71026 | Crypt:3  | Got an ivory gem with 1020 turns to spare
 71284 | Crypt:3  | Learned a level 3 spell: Passwall
 72414 | Crypt:2  | Reached skill level 12 in Shields
 73233 | Crypt:1  | Reached XP level 24. HP: 152/152 MP: 33/50
 73958 | D:15     | Bought a scroll of vulnerability for 60 gold pieces
 73958 | D:15     | Bought a phantom mirror for 600 gold pieces
 73985 | Depths:1 | Entered Level 1 of the Depths
 74060 | Depths:1 | Noticed the Enchantress
 74065 | Depths:1 | Killed the Enchantress
 74066 | Depths:1 | Reached skill level 13 in Shields
 74213 | Depths:4 | Entered Level 4 of the Depths
 74259 | Depths:4 | Reached skill level 14 in Shields
 74335 | Depths:4 | Found a gate to the Realm of Zot.
 74337 | Depths:4 | Got a midnight gem with 2758 turns to spare
 74629 | Depths:1 | Found Mokkoo's Armour Shop.
 74765 | Depths:1 | Identified the +3 leather armour of Okawaru's Envy {+Inv
                  | rF+ rC+ rN+}
 74823 | Depths:1 | Found a gateway to Hell.
 75320 | Depths:1 | Found a stormy altar of Qazlal.
 75524 | Hell     | Entered the Vestibule of Hell
 75525 | Hell     | Noticed Geryon
 75694 | Depths:2 | Noticed a caustic shrike
 75697 | Depths:2 | Killed a caustic shrike
 75911 | Depths:2 | Reached skill level 15 in Shields
 76148 | Depths:2 | Found a one-way gate leading to the halls of Pandemonium.
 76160 | Depths:2 | Reached skill level 10 in Armour
 76342 | Depths:2 | Acquired the +0 pair of boots of Jorun {rN+ Will+ Str-4}
 76455 | Depths:2 | Found a runed translucent door.
 76699 | Depths:2 | Reached XP level 25. HP: 159/159 MP: 45/50
 76860 | Hell     | Reached skill level 16 in Shields
 76866 | Hell     | Killed Geryon
 77136 | Depths:2 | Noticed Norris
 77141 | Depths:2 | Killed Norris
 77560 | Depths:3 | Reached skill level 17 in Shields
 77940 | Depths:3 | Identified the +1 trident of Ofeis {pain, Str+4}
 77981 | Depths:3 | Reached skill level 18 in Shields
 78095 | Depths:3 | Identified the +7 plate armour of Kikubaaqudgha's Scorn
                  | {rN+ Will+ Dex+2}
 78490 | Depths:4 | Reached skill level 19 in Shields
 79086 | Depths:3 | Reached skill level 20 in Shields
 79369 | Depths:3 | Found a shimmering altar of Xom.
 79372 | Depths:3 | Found a glowing silver altar of Zin.
 79375 | Depths:3 | Found an opulent altar of Gozag.
 79614 | Depths:3 | Reached XP level 26. HP: 166/166 MP: 39/50
 79960 | Hell     | Reached skill level 21 in Shields
 80475 | Depths:4 | Reached skill level 22 in Shields
 80517 | Depths:4 | Identified the +2 cloak of the Ward {Regen+}
 80532 | Depths:4 | Found Xilailu's Weapon Shop.
 80627 | Depths:4 | Bought 6 curare-tipped darts for 122 gold pieces
 80849 | Depths:4 | Found a shimmering blue altar of Sif Muna.
 81020 | Depths:4 | Found a one-way gateway to a ziggurat.
 81601 | Vaults:5 | Noticed an ancient lich
 81603 | Vaults:5 | Killed an ancient lich
 81604 | Vaults:5 | Reached skill level 23 in Shields
 81680 | Vaults:5 | Noticed a dread lich
 81682 | Vaults:5 | Killed a dread lich
 81760 | Vaults:5 | Reached skill level 24 in Shields
 81900 | Vaults:5 | Reached skill level 10 in Evocations
 82020 | Vaults:5 | Reached skill level 5 in Dodging
 82090 | Vaults:5 | Reached XP level 27. HP: 148/176 MP: 43/52
 82298 | Vaults:5 | Identified the +1 ring mail of Fortification {-Cast rPois
                  | rCorr Str+6}
 82299 | Vaults:5 | Identified the ring "Ciemnasu" {AC+4 Str-5 Dex+6}
 82488 | Vaults:5 | Got a silver rune of Zot
 83024 | Vaults:5 | Identified the +1 leather armour of the Bulwark {Fly rElec
                  | rC- Slay+4}
 83480 | Orc:2    | Bought a scroll of enchant armour for 75 gold pieces
 83480 | Orc:2    | Bought a scroll of silence for 95 gold pieces
 83480 | Orc:2    | Bought a scroll of revelation for 75 gold pieces
 83480 | Orc:2    | Bought a scroll of fog for 40 gold pieces
 83486 | Orc:2    | Bought a throwing net for 33 gold pieces
 83792 | D:2      | Bought a scroll of blinking for 105 gold pieces
 83845 | D:2      | Bought a wand of paralysis (4) for 259 gold pieces
 83845 | D:2      | Bought a sack of spiders for 1080 gold pieces
 83937 | D:6      | Bought a book of Touch for 308 gold pieces
 84093 | Shoals:3 | Bought a potion of ambrosia for 136 gold pieces
 84093 | Shoals:3 | Bought a potion of cancellation for 136 gold pieces
 84093 | Shoals:3 | Bought a potion of cancellation for 136 gold pieces
 84093 | Shoals:3 | Bought a potion of haste for 170 gold pieces
 84093 | Shoals:3 | Bought a potion of mutation for 136 gold pieces
 84093 | Shoals:3 | Bought a potion of heal wounds for 85 gold pieces
 84406 | Zot:1    | Entered Level 1 of the Realm of Zot
 84422 | Depths:4 | Learned a level 4 spell: Dispel Undead
 84513 | Zot:1    | Found the +4 dragonskin cloak {Aegis}
 84513 | Zot:1    | Noticed Tiamat
 84649 | Depths:4 | Killed Tiamat
 84650 | Depths:4 | Reached skill level 1 in Necromancy
 85571 | Zot:1    | Noticed an orb of fire
 85575 | Zot:1    | Killed an orb of fire
 87040 | Zot:2    | Reached skill level 25 in Shields
 88019 | Zot:4    | Found a runed translucent door.
 88020 | Zot:4    | Found a shimmering altar of Xom.
 88029 | Zot:4    | Noticed Miusm's ghost (legendary CoHu)
 88227 | Zot:4    | Identified the staff of Equilibrium {rElec Int+6 Hexes Air}
 88681 | Zot:4    | Reached skill level 5 in Necromancy
 88748 | Zot:4    | Identified the +3 leather armour of Arohuiss {rC- rN+
                  | Int+4}
 88748 | Zot:4    | Found the +3 salamander hide armour {Flames, rFlCloud rF++
                  | rC--}
 89085 | Zot:4    | Killed Miusm's ghost
 89173 | Zot:5    | Entered Level 5 of the Realm of Zot
 89173 | Zot:5    | Noticed an orb of fire
 89176 | Zot:5    | Killed an orb of fire
 89304 | Zot:5    | Reached skill level 26 in Shields
 89557 | Zot:5    | Identified the amulet "Osogett" {^Drain Regen+ RegenMP+
                  | Int+3 Dex+2}
 90179 | Zot:5    | Noticed an ancient lich
 90182 | Zot:5    | Killed an ancient lich
 90189 | Zot:5    | Noticed an orb of fire
 90190 | Zot:5    | Noticed an orb of fire
 90193 | Zot:5    | Killed an orb of fire
 90197 | Zot:5    | Killed an orb of fire
 90273 | Zot:5    | Noticed a dread lich
 90278 | Zot:5    | Killed a dread lich
 90805 | Zot:5    | Noticed an orb of fire
 90806 | Zot:5    | Noticed a dread lich
 90807 | Zot:5    | Reached skill level 27 in Shields
 90814 | Zot:5    | Killed a dread lich
 90816 | Zot:5    | Killed an orb of fire
 90823 | Zot:5    | Noticed an orb of fire
 90827 | Zot:5    | Gained mutation: You are clumsy. (Dex -2) [an orb of fire]
 90829 | Zot:5    | Gained mutation: Your body sometimes deteriorates upon
                  | taking damage. [an orb of fire]
 90830 | Zot:5    | Killed an orb of fire
 90838 | Zot:5    | Noticed a dread lich
 90844 | Zot:5    | Killed a dread lich
 90970 | Zot:5    | Noticed an orb of fire
 90973 | Zot:5    | Killed an orb of fire
 91333 | Zot:5    | Reached skill level 10 in Stealth
 91730 | Zot:5    | Lost mutation: You are clumsy. (Dex -2) [potion of
                  | mutation]
 91730 | Zot:5    | Lost mutation: Your body sometimes deteriorates upon taking
                  | damage. [potion of mutation]
 91738 | Zot:5    | Got the Orb of Zot
 91856 | Zot:1    | Noticed Saneif the pandemonium lord
 92027 | D:9      | Noticed Kyzycei the pandemonium lord
 92030 | D:9      | Killed Kyzycei the pandemonium lord
 92214 | D:$      | Escaped with the Orb!

Illustrated notes

Levels and vault maps discovered:
D:1:      dpeg_arrival_arbitrary_b, layout_loops_ring
D:2:      layout_basic, basic_altar, serial_shops, shop, shop,
          nicolae_shop_stone, shop_coins, nicolae_shop_just_a_little_nook,
          chequers_serial_rivers_room_b, uniq_jessica, uniq_robin
D:3:      layout_basic, nicolae_uskayaw_en_pointe,
          mainiacjoe_overflow_tiny_flanked, kennysheep_generic_room_2
D:4:      layout_basic, kennysheep_mini_moat, nicolae_wu_jian_wuxing_cycle,
          minmay_pentomino_pile, uniq_natasha
D:5:      cheibrodos_helix_gallery, layout_loops_ring, serial_shops, shop,
          uniq_edmund
D:6:      layout_rooms, nicolae_overflow_hidden_temple,
          overflow_temple_1_default, mainiacjoe_overflow_catch_the_wave,
          serial_shops, shop, uniq_sigmund
D:7:      layout_cave_pools, minmay_temple_entry_from_below_a,
          hellmonk_ghost_happy_afterlife, serial_undead, serial_undead_d,
          serial_undead_e, serial_undead_b, serial_undead_f,
          grunt_ministairs_10, uniq_jeremiah, uniq_prince_ribbit1
D:8:      layout_gridville, kiku_gazebo_pond_becter, erik_lair_orcish_takeover,
          kennysheep_generic_room_13, uniq_grum, uniq_pikel, uniq_psyche,
          uniq_maggie
D:9:      layout_cave_pods, kennysheep_mini, lemuel_zombie_altar_yredelemnul
D:10:     layout_basic, amcnicky_altar_gilded
D:11:     layout_rooms, chequers_serial_rivers_micro_d, st_stairs_8, minivault_8
D:12:     layout_gridville, erik_orc_1, dk_vineyard_2
D:13:     minmay_roctagon, layout_long_grid, ximxim_vaults_locker_room,
          nicolae_wwwww, uniq_urug
D:14:     wander_river, layout_irregular_city, minmay_tree_intersection,
          bloody_makhleb
D:15:     grunt_enter_depths_hoard, layout_basic, minmay_door_square,
          serial_shops, shop, nrook_loot_triangle, uniq_louise
Lair:1:   layout_chaotic_city, grunt_megastairs_1, infiniplex_staircase_pool_2,
          uniq_erica
Lair:2:   layout_loops_ring, minmay_shoals_entry_lonely_mermaid,
          dummy_spider_entry, nicolae_lair_grazing_beasts
          [nicolae_sub_lair_graze_edge, nicolae_sub_lair_graze_edge,
          nicolae_sub_lair_graze_edge, nicolae_sub_lair_graze_edge],
          uniq_harold, uniq_amaemon
Lair:3:   layout_regular_city, serial_bayou_shore_b
Lair:4:   layout_regular_city, dpeg_oklob_1, uniq_kirke
Lair:5:   hellmonk_lair_end_abyssal_woods, layout_cave_pods,
          minmay_slime_entry_oklob_open, grunt_megastairs_2
Shoals:1: layout_shoals
Shoals:2: layout_shoals, uniq_roxanne
Shoals:3: layout_shoals, serial_shops, shop, uniq_polyphemus
Shoals:4: shoals_end_hangedman, layout_shoals,
          nicolae_shoals_stone_sculpture_thing, lemuel_oklob_altar
Spider:1: cheibrodos_spider_silkery
Spider:2: layout_chambers, uniq_mlioglotl
Spider:3: layout_spider_delve, portal_ice_cave_entry_frozen_things
Spider:4: grunt_spider_rune_parallel
Orc:1:    layout_caves, basic_altar, serial_shops, shop
Orc:2:    st_orc_rangers, layout_diamond_mine
Elf:1:    minmay_elf_arrival_summoners, layout_loops_corners,
          hangedman_elf_disciples, nicolae_elf_shapeshifter_party
Elf:2:    nicolae_elf_blades_splatter_lattice [nicolae_blade_lattice],
          layout_onion_city, mu_enter_wizlab_4, dreamdust_wishing_well
Elf:3:    elf_hall_gauntlet_wide, layout_loops_corners, uniq_aizul,
          uniq_asterion
Vaults:1: ebering_ghost_reflecting_pool, nicolae_vaults_yaktaur_gun_rack,
          hangedman_vaults_capsules, v_alt_pattern_6,
          nicolae_vaults_weapon_check, serial_ice_g,
          nicolae_vaults_windows_and_doors_thing, vaults_room_guarded_vault,
          nicolae_vaults_tangram_1, nicolae_vaults_tetromino_Z_2,
          hangedman_vaults_nails, hangedman_vaults_stretched_pinwheel,
          vaults_room_ringed_pool, layout_vaults_maze_snakey
Vaults:2: grunt_vaults_twisty, v_misc_10, cheibrodos_statue_roulette, v_rooms_2,
          hangedman_vaults_corner, ontoclasm_vaults_fault, vaults_mumra_hexcomb,
          v_misc_14, ontoclasm_vaults_loading_screen, nicolae_vaults_what_the_h,
          nicolae_vaults_octothorpe, layout_vaults_omnigrid, uniq_margery,
          uniq_jory
Vaults:3: minmay_crypt_entry_simple_plaza, nicolae_vaults_disjoint_gnomons,
          nicolae_vaults_double_plus_2, v_alt_pattern_2,
          hangedman_vaults_river_flow, nicolae_vaults_trapezoid_lopsided_1,
          vaults_dpeg_diagonal, nicolae_vaults_statue_guard,
          layout_vaults_omnicross
Vaults:4: nicolae_vaults_storage_closets_1, ontoclasm_vaults_bender,
          nicolae_vaults_surprise_closet, vaults_room_corners, v_rooms_3,
          nicolae_vaults_frosty_reception, nicolae_vaults_trapezoid_3,
          nicolae_vaults_tangram_1, vaults_standard_mumra_x, vaults_dpeg_doors,
          nicolae_vaults_little_squares_1, nicolae_vaults_rhombus_5,
          layout_vaults_omnibox
Vaults:5
Crypt:1:  layout_misc_corridors, st_vampire_maze,
          grunt_crypt_arrival_guarded_gate
Crypt:2:  layout_misc_corridors, nicolae_crypt_reliquary_box, lemuel_elevator
Crypt:3:  grunt_crypt_end_deaths_head, uniq_xtahua, uniq_josephina, uniq_boris,
          uniq_mennas, uniq_zenata, uniq_grunn, uniq_frederick
Depths:1: layout_gridlike, serial_shops, nicolae_shop_tiny_statue_garden,
          hangedman_coc_ice_floe, chequers_serial_rivers_room_a,
          hangedman_abyss_or_decor_slice, roderic_lattice_a,
          chequers_serial_rivers_room_b, hangedman_decor_lopped,
          statue_in_the_mist_lemuel, nicolae_qazlal_style_of_elements,
          uniq_enchantress
Depths:2: minmay_the_grid_net [minmay_the_grid_doors, minmay_the_grid_armoury,
          minmay_the_grid_broken_lines, minmay_the_grid_eight,
          minmay_the_grid_square_x, minmay_the_grid_prize_four_corners],
          layout_gridlike, grunt_metal_band,
          nicolae_concentric_dashed_squares_wild, rand_demon_pan_entry_3,
          abyss_entry, minmay_acid_items, uniq_norris
Depths:3: hangedman_slaughterboxes, abyss_entry, hell_entry
Depths:4: grunt_zot_entry_gee_three, layout_cave_pools, enter_ziggurat_f,
          hell_entry, serial_shops, nicolae_shop_mannequins,
          serial_bayou_ford_a, roadster_trireme
Hell
Zot:1:    layout_cathedral_of_symmetry,
          regret_index_zotdec_silver_v_v_orig_slice, uniq_tiamat
Zot:2:    layout_cathedral_of_symmetry
Zot:3:    layout_gridlike, guppyfry_library_mini
Zot:4:    layout_basic, ebering_ghost_xom, st_large_dragon_hoard_4
Zot:5:    layout_misc_corridors

Skill      XL: |  1  2  3  4  5  6  7  8  9 10 11 12 13 14 15 16 17 18 19 20 21 22 23 24 25 26 27 |
---------------+----------------------------------------------------------------------------------+-----
Short Blades   | 1 2 4 5 7 9 10 | 10.0
Fighting       | 1 2 3 4 5 6 7 8 9 10 11 12 13 14 | 14.3
Hexes          | 3 4 5 6 7 |  7.3
Ice Magic      | 3 4 5 8 9 10 | 10.0
Evocations     | 3 4 5 6 7 8 9 10 12 | 12.6
Spellcasting   | 4 5 7 8 9 10 11 12 13 16 17 18 19 | 19.6
Conjurations   | 5 8 10 11 12 | 12.3
Alchemy        | 4 6 7 9 10 11 | 11.8
Armour         | 1 2 3 4 6 7 8 10 11 | 11.5
Stealth        | 4 5 11 | 11.3
Dodging        | 2 3 4 5 |  5.5
Shields        | 1 3 4 5 7 8 10 12 15 20 24 27 | 27.0
Translocations | 2 3 4 |  4.9
Air Magic      | 7 8 9 10 11 12 | 12.3
Earth Magic    | 7 14 18 20 21 23 | 23.0
Throwing       | 3 5 6 |  6.0
Necromancy     | 6 |  6.3

Action                     |  1- 3 |  4- 6 |  7- 9 | 10-12 | 13-15 | 16-18 | 19-21 | 22-24 | 25-27 || total
---------------------------+-------+-------+-------+-------+-------+-------+-------+-------+-------++-------
  Melee: Dagger            |    65 |   127 |   264 |   161 |       |       |       |       |       ||   617
         Short sword       |       |       |       |    91 |   413 |    54 |       |       |       ||   558
         Staff             |       |       |       |       |       |    32 |    31 |    16 |     5 ||    84
  Throw: Stone             |     9 |     9 |    38 |    45 |       |       |       |       |       ||   101
         Boomerang         |       |       |       |       |    98 |    55 |       |       |       ||   153
   Cast: Jinxbite          |    11 |    34 |     2 |     5 |     2 |       |       |       |       ||    54
         Ensorcelled Hiber |       |     3 |    73 |    85 |    34 |       |       |       |       ||   195
         Tukima's Dance    |       |       |     6 |    16 |       |       |       |       |       ||    22
         Confusing Touch   |       |       |    12 |     9 |       |       |       |       |       ||    21
         Irradiate         |       |       |       |    49 |   121 |    70 |    34 |    41 |    50 ||   365
         Arcjolt           |       |       |       |       |   152 |   115 |    12 |     9 |    12 ||   300
         Permafrost Erupti |       |       |       |       |       |   314 |   385 |   315 |   505 ||  1519
         Shatter           |       |       |       |       |       |    10 |    30 |    85 |   122 ||   247
         Lee's Rapid Decon |       |       |       |       |       |     4 |     3 |     5 |       ||    12
         Iskenderun's Myst |       |       |       |       |       |       |     9 |     2 |     4 ||    15
         Apportation       |       |       |       |       |       |       |     4 |     1 |       ||     5
         Maxwell's Capacit |       |       |       |       |       |       |       |     2 |    14 ||    16
         Passwall          |       |       |       |       |       |       |       |     1 |       ||     1
         Blink             |       |       |       |       |       |       |       |       |     3 ||     3
         Dispel Undead     |       |       |       |       |       |       |       |       |     2 ||     2
 Invoke: Curse Item        |       |       |     2 |     4 |     4 |     3 |     2 |     2 |     2 ||    19
         Shatter the Chain |       |       |       |       |     2 |     1 |     3 |     2 |     1 ||     9
  Evoke: Wand              |       |       |     3 |     8 |     2 |    24 |     4 |    10 |     4 ||    55
         Lightning rod     |       |       |       |       |     5 |    17 |    19 |    18 |     9 ||    68
         Tin of tremorston |       |       |       |       |       |     6 |     5 |     7 |     4 ||    22
         Gell's gravitambo |       |       |       |       |       |     2 |     4 |     5 |     2 ||    13
    Use: Scroll            |       |     4 |     4 |     2 |     8 |     6 |     4 |     9 |    13 ||    50
         Potion            |       |       |     2 |     2 |     2 |     7 |     2 |    12 |     7 ||    34
   Stab: Sleeping          |     8 |     2 |    46 |    60 |    29 |     2 |       |       |       ||   147
         Confused          |       |       |    12 |     9 |       |       |       |       |       ||    21
         Invisible         |       |       |     4 |       |       |       |       |       |       ||     4
         Distracted        |       |       |       |     1 |       |       |       |       |       ||     1
         Paralysed         |       |       |       |       |       |    19 |       |       |       ||    19
 Armour: Robe              |    24 |    82 |   129 |    42 |       |       |       |       |       ||   277
         Leather armour    |       |       |       |   156 |    16 |       |       |       |       ||   172
         Scale mail        |       |       |       |       |   630 |   319 |   140 |   125 |   228 ||  1442
         Skin              |       |       |       |       |     2 |       |       |       |       ||     2
  Dodge: Dodged            |    33 |    75 |   132 |   131 |   300 |   204 |    97 |    67 |    98 ||  1137
  Block: Buckler           |       |       |       |     7 |   178 |   162 |    66 |    44 |    45 ||   502
         Kite shield       |       |       |       |       |       |       |       |       |    59 ||    59

Table legend: (Time is in decaauts)
 A = Elapsed time spent in this place.
 B = Non-inter-level travel time spent in this place.
 C = Inter-level travel time spent in this place.
 D = Time resting spent in this place.
 E = Time spent auto-exploring this place.
 F = Levels seen in this place.
 G = Mean time per level.
                   A        B        C        D        E       F      G
               +--------+--------+--------+--------+--------+-----+--------+
         Total |  91967 |  83588 |   8379 |  12082 |  56938 |  53 | 1735.2 |
       Dungeon |  22578 |  18449 |   4129 |   1913 |  12789 |  15 | 1505.2 |
          Lair |  10961 |   9843 |   1118 |    420 |   7760 |   5 | 2192.2 |
        Shoals |   7148 |   6771 |    377 |   1180 |   4915 |   4 | 1787.0 |
   Spider Nest |   9120 |   8829 |    291 |   2459 |   5135 |   4 | 2280.0 |
  Orcish Mines |   2875 |   2248 |    627 |    267 |   1644 |   2 | 1437.5 |
   Elven Halls |   6714 |   6438 |    276 |    973 |   4512 |   3 | 2238.0 |
        Vaults |  10778 |  10260 |    518 |    952 |   7677 |   5 | 2155.6 |
         Crypt |   3568 |   3449 |    119 |    498 |   2025 |   3 | 1189.3 |
        Depths |   7673 |   7168 |    505 |   1083 |   4607 |   4 | 1918.2 |
          Hell |     40 |     40 |      0 |      0 |      0 |   1 |   40.0 |
           Zot |   7226 |   6813 |    413 |   1961 |   3703 |   5 | 1445.2 |
      Ice Cave |    746 |    746 |      0 |    330 |    237 |   1 |  746.0 |
        Wizlab |   2535 |   2535 |      0 |     44 |   1933 |   1 | 2535.0 |
               +--------+--------+--------+--------+--------+-----+--------+

Top non-repeatable levels by time:
Vaults:2: 3123 daAuts
Spider:4: 3118 daAuts
  Lair:5: 2797 daAuts
Vaults:1: 2766 daAuts
Spider:3: 2717 daAuts
Depths:3: 2667 daAuts
  Lair:2: 2623 daAuts
  WizLab: 2535 daAuts
   Elf:3: 2428 daAuts
  Lair:1: 2376 daAuts
   Orc:2: 2338 daAuts
   Elf:2: 2269 daAuts
   Zot:5: 2211 daAuts
  Lair:4: 2209 daAuts
   Zot:4: 2080 daAuts
